 Dungeon Crawl Stone Soup version 0.17.0-28-g6e173f8 (webtiles) character file.

170 dohliylev the Sneak (level 5, -7/38 HPs)
             Began as a Vampire Assassin on Nov 22, 2015.
             Mangled by Blork the orc
             ... wielding a +2 battleaxe of chopping
              (8 damage)
             ... on level 4 of the Dungeon.
             The game lasted 00:31:06 (3530 turns).

dohliylev the Sneak (Vampire Assassin)              Turns: 3530, Time: 00:31:07

Health: -7/38      AC:  6    Str: 10    XL:     5   Next: 26%
Magic:  5/5        EV:  8    Int: 14    God:
Gold:   244        SH:  0    Dex: 16    Spells: 0 memorised, 4 levels left

rFire  . . .     SeeInvis +     b - +0 blowgun
rCold  + . .     Clarity  .     c - +0 robe
rNeg   + + .     SustAt   .     (no shield)
rPois  +         Gourm    .     l - +2 hat
rElec  .         Spirit   .     d - +0 cloak
rCorr  .         Warding  .     (no gloves)
rMut   .         Stasis   .     m - +0 pair of boots
MR     .....                    (no amulet)
Stlth  ++++......               (no ring)
                                (no ring)

@: regenerating slowly, not resistant to hostile enchantments, stealthy
A: fangs 3, see invisible, unbreathing
a: Bat Form


You were on level 4 of the Dungeon.
You were thirsty.

You visited 1 branch of the dungeon, and saw 4 of its levels.

You collected 244 gold pieces.

Inventory:

Hand Weapons
 a - a +2 dagger
 b - a +0 blowgun (weapon)
Missiles
 e - 5 poisoned needles (quivered)
 f - 2 curare-tipped needles
 j - 7 tomahawks of returning
 v - 20 poisoned arrows
 w - 42 arrows
 y - 9 bolts
Armour
 c - a +0 robe (worn)
 d - a +0 cloak (worn)
 l - a +2 hat (worn)
 m - a +0 pair of boots (worn)
Jewellery
 k - an uncursed amulet of rage {unknown}
Scrolls
 h - a scroll of immolation {unknown}
 p - a scroll of amnesia {unknown}
 q - a scroll of random uselessness {unknown}
 r - a scroll of identify {unknown}
 s - 2 scrolls of remove curse {unknown}
 t - 2 scrolls of fear {unknown}
 u - a scroll of noise {unknown}
 x - a scroll of magic mapping {unknown}
 A - a scroll of teleportation {unknown}
Potions
 g - 26 potions of blood
 i - 2 potions of agility {unknown}
 n - a potion of lignification {unknown}
 o - 3 potions of curing
 z - a potion of heal wounds {unknown}


   Skills:
 + Level 2.2 Fighting
 + Level 2.5 Short Blades
 + Level 2.6 Throwing
 + Level 2.3 Dodging
 * Level 7.9 Stealth


You had 4 spell levels left.
You didn't know any spells.

Dungeon Overview and Level Annotations

Branches:
Dungeon (4/15)
 Temple: D:4-7

Altars:
Cheibriados
Kikubaaqudgha
Qazlal
Zin
The Shining One

Annotations:
D:4 Blork the orc


Innate Abilities, Weirdness & Mutations

You heal slowly.
You have razor-sharp teeth.
You have supernaturally acute eyesight.
You can survive without breathing.


Message History

Aim: Blork the orc, wielding a battleaxe of chopping and wearing a runed robe (fast)
You shoot a poisoned needle. The poisoned needle hits Blork the orc!
Blork the orc is poisoned.
Blork the orc casts a spell at you. The puff of frost misses you.
Blork the orc casts a spell at you. The magic dart hits you!
Blork the orc closely misses you.
Blork the orc hits you but does no damage.
There is an open door here.
There is an open door here.
Blork the orc looks braver for a moment.
Blork the orc hits you with a battleaxe of chopping.
* * * LOW HITPOINT WARNING * * *
x2
There is a stone staircase leading down here.
Blork the orc casts a spell at you. The magic dart hits you!
* * * LOW HITPOINT WARNING * * *
Blork the orc hits you with a battleaxe of chopping!
You die...

#.....###.##
######
#..#####
##.#...#
#...#.###
#...#...#
##..###.#
#..###.# #####
#..#...#
#...###o@#.###
#...'..(...#
#...########
##'##
#.#######
#.......#
#######.# #.#
#.#


You could see Blork the orc.

Vanquished Creatures
  Ijyb (D:3)
  5 adders
  2 oozes
  4 worms
  A giant gecko (D:2)
  3 orcs (D:3)
  7 bats
  3 giant cockroaches
  12 hobgoblins
  6 kobolds
  A ball python (D:3)
  5 giant newts
  9 goblins
  8 jackals
  9 rats
76 creatures vanquished.

Notes
Turn   | Place    | Note
--------------------------------------------------------------
     0 | D:1      | dohliylev the Vampire Assassin began the quest for the Orb.
     0 | D:1      | Reached XP level 1. HP: 16/16 MP: 1/1
     2 | D:1      | Noticed a human
     2 | D:1      | Noticed a gargoyle
     4 | D:1      | Noticed a troll
     4 | D:1      | Noticed a dwarf
     6 | D:1      | Noticed a demigod
     8 | D:1      | Noticed an elf
     8 | D:1      | Noticed a minotaur
    10 | D:1      | Noticed an ogre
    10 | D:1      | Noticed a vampire
    12 | D:1      | Noticed a vine stalker
    12 | D:1      | Noticed a demonspawn
    14 | D:1      | Noticed a ghoul
    14 | D:1      | Noticed an octopode
    16 | D:1      | Noticed a draconian
    16 | D:1      | Noticed a spriggan
    18 | D:1      | Noticed a tengu
    18 | D:1      | Noticed a felid
    21 | D:1      | Noticed a formicid
    21 | D:1      | Noticed a merfolk
    23 | D:1      | Noticed a naga
    27 | D:1      | Noticed a centaur
    68 | D:1      | Reached skill level 6 in Stealth
   287 | D:1      | Reached XP level 2. HP: 16/22 MP: 2/2
   956 | D:1      | Reached skill level 7 in Stealth
   962 | D:1      | Reached XP level 3. HP: 23/27 MP: 3/3
  1284 | D:2      | Found a glowing golden altar of the Shining One.
  1792 | D:2      | Found a glowing silver altar of Zin.
  1792 | D:2      | Noticed an angel
  2359 | D:3      | Reached XP level 4. HP: 33/33 MP: 4/4
  2531 | D:3      | Noticed Ijyb
  2567 | D:3      | Killed Ijyb
  2924 | D:3      | Reached XP level 5. HP: 17/38 MP: 5/5
  3046 | D:3      | Found a stormy altar of Qazlal.
  3046 | D:3      | Found a snail-covered altar of Cheibriados.
  3047 | D:3      | Found an ancient bone altar of Kikubaaqudgha.
  3494 | D:4      | Noticed Blork the orc
  3530 | D:4      | HP: 1/38 [Blork the orc/magic dart (3)]
  3530 | D:4      | Mangled by Blork the orc

Action                   |  1- 3 |  4- 6 || total
-------------------------+-------+-------++-------
Melee: Dagger            |    85 |   121 ||   206
 Fire: Blowgun           |     5 |    11 ||    16
Throw: Tomahawk          |    45 |    18 ||    63
  Use: Potion            |     3 |     2 ||     5
 Stab: Sleeping          |    11 |     7 ||    18
       Distracted        |     1 |       ||     1
  Eat: Corpse            |       |     1 ||     1
